 Dungeon Crawl Stone Soup version 0.19.0 (webtiles) character file.

1175 Franakus the Stinger (level 8, -2/50 HPs)
             Began as an Octopode Venom Mage on Nov 1, 2016.
             Was an Initiate of Sif Muna.
             Slain by a white ugly thing (6 damage)
             ... on level 6 of the Dungeon.
             The game lasted 01:04:28 (5729 turns).

Franakus the Stinger (Octopode Venom Mage)          Turns: 5729, Time: 01:04:29

Health: -2/50      AC:  8    Str: 10    XL:     8   Next: 41%
Magic:  4/13       EV: 14    Int: 22    God:    Sif Muna [......]
Gold:   333        SH:  0    Dex: 12    Spells: 2 memorised, 10 levels left

rFire  + . .     SeeInvis .     y - +1 trident "Dixijair" {protect, Int+2}
rCold  . . .     Gourm    .     (no shield)
rNeg   . . .     Faith    .     (helmet restricted)
rPois  .         Spirit   .     (no amulet)
rElec  .         Reflect  .     f - ring of stealth
rCorr  .         Harm     .     r - ring of protection from fire
MR     .....                    D - ring of flight
Stlth  +++++.....               F - +3 ring of strength
                                (no ring)
                                (no ring)
                                (no ring)
                                (no ring)

@: protection aura
A: almost no armour, stealthy swim, amphibious, 8 rings, constrict 8, camouflage
1, gelatinous body 1
a: Renounce Religion, Evoke Flight


You were on level 6 of the Dungeon.
You worshipped Sif Muna.
Sif Muna was noncommittal.
You were hungry.

You visited 2 branches of the dungeon, and saw 7 of its levels.

You collected 333 gold pieces.

Inventory:

Hand Weapons
 e - a +0 short sword
 y - the +1 trident "Dixijair" (weapon) {protect, Int+2}
   (You found it on level 4 of the Dungeon)

   It protects the one who uses it against injury (+AC on strike).
   It affects your intelligence (+2).
Missiles
 d - 256 stones (quivered)
 s - 38 sling bullets
Jewellery
 f - a ring of stealth (left tentacle)
 r - a ring of protection from fire (right tentacle)
 D - a ring of flight (on tentacle)
 F - a +3 ring of strength (on tentacle)
Wands
 i - a wand of teleportation (2/9)
 u - a wand of flame (18/48)
 x - a wand of flame (8/48)
 E - a wand of iceblast (6/15)
Scrolls
 c - 7 scrolls of remove curse
 g - a scroll of identify
 l - a scroll of random uselessness {unknown}
 n - a scroll of immolation {unknown}
 o - 2 scrolls of blinking {unknown}
 p - 2 scrolls of teleportation {unknown}
 G - a scroll of fear {unknown}
Potions
 h - 2 potions of curing
 j - 3 potions of agility {unknown}
 k - a potion of might {unknown}
 m - 3 potions of flight {unknown}
 q - a potion of cancellation {unknown}
 v - a potion of heal wounds {unknown}
 w - a potion of haste
 A - a potion of berserk rage {unknown}
 B - a potion of degeneration {unknown}
Books
 a - a Young Poisoner's Handbook

   Spells                             Type                      Level
   a - Sting                          Conjuration/Poison           1
   b - Mephitic Cloud                 Conjuration/Poison/Air       3
   c - Olgreb's Toxic Radiance        Poison                       4
   d - Alistair's Intoxication        Transmutation/Poison         5
   e - Venom Bolt                     Conjuration/Poison           5
 C - a book of Cantrips

   Spells                             Type                      Level
   a - Confusing Touch                Hexes                        1
   b - Animate Skeleton               Necromancy                   1
   c - Summon Small Mammal            Summoning                    1
   d - Apportation                    Translocation                1
Comestibles
 b - 3 bread rations
 t - 2 meat rations
 z - a beef jerky


   Skills:
 + Level 2.2 Fighting
 - Level 2.1 Short Blades
 + Level 3.5 Polearms
 + Level 3.7 Dodging
 + Level 5.9 Stealth
 + Level 3.8 Spellcasting
 * Level 3.5 Conjurations
 + Level 0.6 Air Magic
 + Level 6.4 Poison Magic


You had 10 spell levels left.
You knew the following spells:

 Your Spells              Type           Power        Failure   Level  Hunger
a - Sting                 Conj/Pois      ####         1%          1    None
b - Mephitic Cloud        Conj/Pois/Air  ###.....     10%         3    ###....


Dungeon Overview and Level Annotations

Branches:
Dungeon (6/15)             Temple (1/1) D:5

Altars:
Ashenzari
Cheibriados
Dithmenos
Elyvilon
Fedhas
Gozag
Hepliaklqana
Kikubaaqudgha
Makhleb
Nemelex Xobeh
Okawaru
Qazlal
Ru
Sif Muna
Trog
Vehumet
Xom
The Shining One

Shops:
D:5 :

Annotations:
D:3 Cokeysmoke's ghost, amateur DECj


Innate Abilities, Weirdness & Mutations

You cannot wear most types of armour.
You are very stealthy in the water. (Stealth+)
You are amphibious.
You can wear up to eight rings at the same time.
You can use your tentacles to constrict eight enemies at once.
Your skin changes colour to match your surroundings (Stealth+).
Your rubbery body absorbs attacks. (AC +1, EV +1)


Message History

You constrict the white ugly thing. The white ugly thing misses you.
The white ugly thing gores you but does no damage.
You hit the white ugly thing but do no damage.
The white ugly thing is moderately wounded.
You constrict the white ugly thing. The white ugly thing gores you!
The white ugly thing freezes you!!
Ouch! That really hurt!
* * * LOW HITPOINT WARNING * * *
Unknown command.
Okay, then.
Evoke which item? (* to show all) (? for menu, Esc to quit)
Zapping:
u - a wand of flame (19/48)
Press: ? - help, Shift-Dir - straight line, f/p - white ugly thing
Aim: a white ugly thing (moderately wounded, constricted by you, poisoned)
The puff of flame hits the white ugly thing.
The white ugly thing is heavily wounded.
This wand has 18 charges left.
You constrict the white ugly thing, but do no damage.
The white ugly thing gores you.
You die...

#.#### #.# #.# #.# #.#
#.# ###### #.# .....#
#<#############
####.###.......u@....#
.............#######.#
#...)#######.# #.#
[........# #.# #.#
u..#.###.###)# #.#
.......#o....# #.#
######.####### #.# .
#.# #.# ## #.# #)#


You could see a white ugly thing.

Vanquished Creatures
  A black bear (D:4)
  3 ogres
  A necrophage (D:6)
  A centaur (D:5)
  2 howler monkeys
  2 crimson imps (D:5)
  3 hounds
  A centaur skeleton (D:5)
  An orc priest (D:4)
  A jelly (D:5)
  An orc wizard (D:3)
  Jessica (D:3)
  2 iguanas (D:6)
  Ijyb (D:3)
  A worker ant (D:4)
  7 adders
  An ooze (D:1)
  4 worms
  2 dart slugs (D:1)
  4 leopard geckos
  8 orcs
  A ball python (D:3)
  7 giant cockroaches
  7 goblins
  9 hobgoblins
  11 jackals
  3 quokkas
  14 bats
  10 frilled lizards
  8 kobolds
  8 rats
126 creatures vanquished.

Notes
Turn   | Place    | Note
-------+----------+-------------------------------------------
     0 | D:1      | Franakus the Octopode Venom Mage began the quest for the Orb.
     0 | D:1      | Reached XP level 1. HP: 11/11 MP: 3/3
   142 | D:1      | Reached skill level 5 in Poison Magic
   253 | D:1      | Reached XP level 2. HP: 17/17 MP: 3/5
   550 | D:1      | Reached XP level 3. HP: 21/21 MP: 1/6
   555 | D:1      | Learned a level 3 spell: Mephitic Cloud
  1347 | D:2      | Reached XP level 4. HP: 11/27 MP: 7/7
  2218 | D:3      | Noticed Cokeysmoke's ghost (amateur DECj)
  2253 | D:3      | Noticed Jessica
  2286 | D:3      | Reached XP level 5. HP: 18/32 MP: 5/8
  2762 | D:3      | Reached skill level 1 in Short Blades
  3137 | D:3      | Reached skill level 1 in Conjurations
  3155 | D:3      | Noticed Ijyb
  3302 | D:3      | Killed Jessica
  3302 | D:3      | Reached skill level 1 in Fighting
  3385 | D:3      | Reached XP level 6. HP: 31/38 MP: 3/10
  3593 | D:3      | Killed Ijyb
  3864 | D:4      | Reached skill level 6 in Poison Magic
  3865 | D:4      | Noticed a black bear
  4036 | D:4      | Got an ichor-stained trident
  4037 | D:4      | Identified the cursed +1 trident "Dixijair" {protect, Int+2} (You found it on level 4 of the Dungeon)
  4056 | D:4      | Killed a black bear
  4056 | D:4      | Reached skill level 1 in Polearms
  4056 | D:4      | Reached skill level 5 in Stealth
  4056 | D:4      | Reached XP level 7. HP: 30/43 MP: 5/11
  4236 | D:5      | Entered Level 5 of the Dungeon
  4287 | D:5      | Found Neulie's Book Shop.
  4981 | D:5      | Found a staircase to the Ecumenical Temple.
  5021 | Temple   | Entered the Ecumenical Temple
  5073 | Temple   | Became a worshipper of Sif Muna the Loreminder
  5139 | D:5      | Reached XP level 8. HP: 47/50 MP: 8/13
  5249 | D:6      | Noticed a white ugly thing
  5729 | D:6      | Slain by a white ugly thing

Skill      XL: |  1  2  3  4  5  6  7  8 |
---------------+-------------------------+-----
Poison Magic   | 5 6 |  6.4
Stealth        | 3 4 5 |  5.9
Short Blades   | 1 2 |  2.1
Conjurations   | 1 3 |  3.5
Fighting       | 1 2 |  2.2
Dodging        | 3 |  3.7
Polearms       | 1 2 3 |  3.5
Spellcasting   | 3 |  3.8
Air Magic      | |  0.6

Action                   |  1- 3 |  4- 6 |  7- 9 || total
-------------------------+-------+-------+-------++-------
Melee: Short sword       |    70 |    66 |       ||   136
       Constrict         |    14 |    22 |    13 ||    49
       Tentacles         |    11 |     6 |    13 ||    30
       Trident           |       |     5 |    75 ||    80
 Cast: Sting             |    16 |    85 |    50 ||   151
       Mephitic Cloud    |       |     3 |     4 ||     7
Evoke: Wand              |       |       |     1 ||     1
  Use: Scroll            |     2 |     2 |     1 ||     5
       Potion            |       |       |     2 ||     2
 Stab: Sleeping          |    18 |     3 |     5 ||    26
  Eat: Chunk             |     1 |     9 |     4 ||    14
       Beef jerky        |       |       |     1 ||     1
Armor: Skin              |     6 |    10 |    16 ||    32
Dodge: Dodged            |    44 |   101 |    61 ||   206
